 Dungeon Crawl Stone Soup version 0.29.1-12-g30fa7ad0bf (webtiles) character file.

Game seed: 17949714690603065224

10113 CungeonDrawl the Fighter (level 11, -1/92 HPs)
             Began as a Djinni Air Elementalist on Dec 13, 2022.
             Was a Priest of Makhleb.
             Slain by a white ugly thing (31 damage)
             ... on level 10 of the Dungeon.
             The game lasted 01:03:01 (17382 turns).

CungeonDrawl the Fighter (Djinni Air Elementalist) Turns: 17382, Time: 01:03:02

Health: -1/92      AC:  4    Str:  7    XL:     11   Next: 86%
Gold:   718        EV: 12    Int: 21    God:    Makhleb [***...] SH:  0 Dex: 14

rFire   + + +      SeeInvis .   O - staff of air
rCold   x . .      Faith    +   (no shield)
rNeg    + . .      Spirit   .   S - +1 robe {Will+}
rPois   ∞          Reflect  .   v - +0 helmet
rElec   +          Harm     .   (no cloak)
rCorr   .          Rampage  .   (no gloves)
Will    ++...                   (boots unavailable)
Stlth   ++........              K - amulet of faith
HPRegen 0.25/turn               k - ring of protection from fire
MPRegen 0.00/turn               I - ring of positive energy

@: flying
A: sickness immunity, fire resistance 2, cold vulnerability 1, float, innate
caster, HP casting, extra vitality 1
a: Renounce Religion, Minor Destruction, Lesser Servant of Makhleb


You were on level 10 of the Dungeon.
You worshipped Makhleb.
Makhleb was most pleased with you.
You visited 2 branches of the dungeon, and saw 12 of its levels.
You also visited: Ossuary and Bailey.

You collected 718 gold pieces.

Inventory:

Hand Weapons
 Q - the +8 longbow "Zephyr" {speed, Dex+3 SInv}
   (You found it in a bailey)

   Attacks with this weapon are significantly faster.
   Dex:       It affects your dexterity (+3).
   SInv:      It lets you see invisible.
Missiles
 B - 4 throwing nets
Armour
 a - a +0 robe
 v - a +0 helmet (worn)
 N - +0 acid dragon scales
 S - a +1 robe of willpower (worn)
Magical Staves
 D - a staff of earth
 O - a staff of air (weapon)
Jewellery
 k - a ring of protection from fire (left hand)
 F - a ring of protection from fire
 I - a ring of positive energy (right hand)
 K - an amulet of faith (around neck)
 T - a ring of fire
 U - a +6 ring of strength
Wands
 E - a wand of iceblast (9)
 J - a wand of paralysis (10)
 L - a wand of acid (8)
 P - a wand of flame (13)
Scrolls
 c - a scroll of noise
 d - a scroll of torment {unknown}
 e - 3 scrolls of teleportation
 g - 7 scrolls of identify
 i - 4 scrolls of magic mapping
 l - a scroll of poison {unknown}
 m - a scroll of enchant weapon
 n - 3 scrolls of immolation
 p - 4 scrolls of vulnerability
 r - a scroll of blinking {unknown}
 w - a scroll of enchant armour {unknown}
 x - a scroll of silence {unknown}
 y - a scroll of brand weapon {unknown}
 C - a scroll of amnesia
 G - a scroll of butterflies
Potions
 b - 5 potions of attraction
 f - 2 potions of mutation {unknown}
 h - 3 potions of curing
 j - a potion of resistance {unknown}
 o - 3 potions of heal wounds
 q - 6 potions of degeneration
 s - a potion of might {unknown}
 t - a potion of ambrosia
 u - 4 potions of haste
 z - a potion of lignification {unknown}
 A - 5 potions of flight
 H - a potion of berserk rage {unknown}
 M - a potion of brilliance {unknown}
 R - a potion of invisibility {unknown}


   Skills:
 - Level 13.2 Fighting
 - Level 4.0 Armour
 - Level 2.1 Dodging
 - Level 1.5 Stealth
 * Level 9.0 Spellcasting


You had 4 spell levels left.
You knew the following spells:

 Your Spells              Type           Power      Damage    Failure   Level
a - Shock                 Conj/Air       100%       1d9       1%          1
b - Static Discharge      Conj/Air       64%        3-11/arc  1%          2
c - Swiftness             Air            64%        N/A       1%          3
d - Airstrike             Air            32%        2d(5-21)  1%          4
e - Freeze                Ice            100%       1d11      1%          1
f - Passwall              Tmut/Erth      39%        N/A       1%          2
g - Stone Arrow           Conj/Erth      94%        3d12      1%          3
h - Spider Form           Tmut/Pois      47%        N/A       1%          3
i - Irradiate             Conj/Tmut      23%        3d19      4%          5
Your spell library was empty.

Dungeon Overview and Level Annotations

Branches:
Dungeon (11/15)            Temple (1/1) D:6            Lair (0/5) D:10
    Orc (0/2) D:10        Ossuary (visited)          Bailey (visited)

Altars:
Ashenzari
Cheibriados
Dithmenos
Elyvilon
Fedhas
Gozag
Hepliaklqana
Makhleb
Nemelex Xobeh
Okawaru
Qazlal
Ru
Trog
Uskayaw
Wu Jian
Xom
Yredelemnul
Zin
The Shining One

Shops:
D:2 [   D:6 *

Annotations:
D:6 2 transporters, LaMa's ghost, novice MfGl
D:11 Urug


Innate Abilities, Weirdness & Mutations

You are immune to sickness and miasma.
You are immune to poison.
Your flesh is very heat resistant. (rF++)
You are vulnerable to cold. (rC-)
You float through the air rather than walking.
You learn spells naturally, not from books.
Your magical power is your life essence.
You have superior vitality. (+4 MHP)


Message History

HP restored.
Things that are here:
a +0 club; a +0 leather armour; an orc corpse
Found a book of the Wilderness.
Urug shouts!
Urug throws a javelin.
The javelin pierces through you!!
Urug throws a javelin.
The javelin pierces through you!
Things that are here:
a +0 club; a +0 leather armour; an orc corpse
There is a stone staircase leading up here.
You fly upwards.
There is a stone staircase leading down here.
HP restored.
Partly explored, can't reach some places.
Partly explored, can't reach some places.
There is a stone staircase leading down here.
You fly downwards.
Level annotation: Urug The crimson imp shouts!
The white ugly thing gurgles horribly!
The white ugly thing claws you! The white ugly thing freezes you!!
You feel a terrible chill!
The crimson imp laughs crazily.
The crimson imp barely misses you.
There is a stone staircase leading up here.
The white ugly thing claws you. The white ugly thing freezes you!!
You feel a terrible chill!
* * * LOW HITPOINT WARNING * * *
The crimson imp barely misses you.
You fly upwards.
There is a stone staircase leading down here.
Press: ? - help, v - describe, . - travel A stone staircase leading down.
Press: ? - help, v - describe, . - travel
Here: a white ugly thing The floor.
Okay, then.
Unknown command.
You feel much better. The white ugly thing claws you!
The white ugly thing freezes you!!
You feel a terrible chill!
You die...

#.# #.....<.......#
#.# #..... #.#
#.............# #.#
#..... ..#
#.............# #.#
#.#.#. ###
#.............# #.#
#.._.. #
#.............# #.#
#.#.#. #
#.............# #.#
#.....
#.............# #.#
#.....
#####...........5)#
#.####.....
...............u@.#
#..........
###################
###########


You could see a white ugly thing and a crimson imp.

Vanquished Creatures
  A two-headed ogre (D:10)
  A soul eater (D:10)
  Pikel (D:5)
  A smoke demon (D:10)
  An orange demon (D:10)
  An unseen horror (D:10)
  Maggie (D:7)
  2 trolls (D:10)
  Prince Ribbit (D:8)
  Sigmund (D:4)
  A shadow (D:10)
  A chaos spawn (D:10)
  2 wyverns
  Menkaure (Ossuary)
  3 steam dragons
  Duvessa (D:7)
  12 orc warriors
  3 water moccasins
  A black bear (D:6)
  3 sky beasts
  3 centaurs
  An ogre (D:4)
  2 phantoms
  3 lemures (D:5)
  A kobold brigand (D:6)
  Blork the orc (D:5)
  A bullfrog (D:7)
  2 scorpions (D:5)
  A gnoll sergeant (D:9)
  11 wights
  Dowan (D:7)
  20 killer bees
  4 howler monkeys
  2 jellies
  A hound (D:7)
  10 orc priests
  2 gnoll boudas (D:7)
  3 orc wizards
  4 iguanas
  4 mummies
  Robin (D:3)
  15 gnolls
  7 adders
  A shadow imp (D:6)
  5 white imps
  2 ufetubi
  A worm zombie (D:4)
  2 dart slugs (D:3)
  45 orcs
  8 ball pythons
  6 bats
  7 endoplasms
  A giant cockroach (D:1)
  3 gnoll zombies
  25 goblins
  14 hobgoblins
  9 jackals
  19 kobolds
  3 quokkas
  5 frilled lizards
  4 gnoll skeletons (Ossuary)
  2 goblin skeletons (Ossuary)
  5 goblin zombies (Ossuary)
  6 hobgoblin skeletons (Ossuary)
  6 hobgoblin zombies (Ossuary)
  2 kobold skeletons (Ossuary)
  2 kobold zombies (Ossuary)
  4 orc skeletons (Ossuary)
  6 orc zombies (Ossuary)
  8 rats
  7 rat skeletons (Ossuary)
  4 rat zombies (Ossuary)
351 creatures vanquished.

Vanquished Creatures (others)
  2 demonic plants (D:10)
2 creatures vanquished.

Grand Total: 353 creatures vanquished

Notes
Turn   | Place    | Note
-------+----------+-------------------------------------------
     0 | D:1      | CungeonDrawl the Djinni Air Elementalist began the quest
                  | for the Orb.
     0 | D:1      | CungeonDrawl set off with the following spells memorised:
                  | Shock, Static Discharge, Swiftness, Airstrike.
     0 | D:1      | Reached XP level 1. HP: 15/15 MP: 0/0
     2 | D:1      | Noticed a formicid
     2 | D:1      | Noticed a demonspawn
     4 | D:1      | Noticed an octopode
     4 | D:1      | Noticed a meteoran
     6 | D:1      | Noticed a merfolk
     6 | D:1      | Noticed a demigod
     8 | D:1      | Noticed a tengu
     8 | D:1      | Noticed a draconian
    10 | D:1      | Noticed a gargoyle
    10 | D:1      | Noticed a naga
    12 | D:1      | Noticed a vine stalker
    12 | D:1      | Noticed a felid
    14 | D:1      | Noticed a ghoul
    16 | D:1      | Noticed a palentonga
    16 | D:1      | Noticed a spriggan
    18 | D:1      | Noticed a troll
    18 | D:1      | Noticed a minotaur
    20 | D:1      | Noticed an ogre
    22 | D:1      | Noticed an elf
    24 | D:1      | Noticed a human
    24 | D:1      | Noticed a minotaur
    26 | D:1      | Noticed a human
    26 | D:1      | Noticed a meteoran
   382 | D:1      | Reached XP level 2. HP: 19/21 MP: 0/0
  1048 | D:1      | Found a faded altar of an unknown god.
  1073 | D:1      | Reached XP level 3. HP: 23/25 MP: 0/0
  1073 | D:1      | Learned a level 1 spell: Freeze
  1883 | D:2      | Reached XP level 4. HP: 16/31 MP: 0/0
  2024 | D:2      | Found Kuux's Antique Armour Boutique.
  2887 | D:3      | Found a stormy altar of Qazlal.
  2889 | D:3      | Noticed a fire elemental
  2890 | D:3      | Noticed an air elemental
  2890 | D:3      | Noticed a water elemental
  2890 | D:3      | Noticed an earth elemental
  2906 | D:3      | Noticed Robin
  2913 | D:3      | Killed Robin
  2917 | D:3      | Reached XP level 5. HP: 19/35 MP: 0/0
  2917 | D:3      | Learned a level 2 spell: Passwall
  4016 | D:4      | Noticed Sigmund
  4087 | D:4      | Noticed a sky beast
  4104 | D:4      | Reached XP level 6. HP: 38/40 MP: 0/0
  4113 | D:4      | Reached skill level 5 in Spellcasting
  4543 | D:4      | Found a sand-covered staircase.
  4551 | Ossuary  | Entered an ossuary
  5631 | Ossuary  | Noticed Menkaure
  5636 | Ossuary  | Killed Menkaure
  5637 | Ossuary  | Reached XP level 7. HP: 37/45 MP: 0/0
  5637 | Ossuary  | Learned a level 3 spell: Stone Arrow
  6350 | D:4      | Killed Sigmund
  6351 | D:4      | Reached XP level 8. HP: 37/50 MP: 0/0
  6540 | D:4      | Found a sparkling altar of Nemelex Xobeh.
  6893 | D:5      | Entered Level 5 of the Dungeon
  7020 | D:5      | Noticed Blork the orc
  7023 | D:5      | Killed Blork the orc
  7409 | D:5      | Noticed Pikel
  7916 | D:5      | Killed Pikel
  7917 | D:5      | Reached XP level 9. HP: 29/55 MP: 0/0
  7917 | D:5      | Learned a level 3 spell: Spider Form
  8079 | D:5      | Found a shimmering altar of Xom.
  8299 | D:6      | Reached skill level 1 in Fighting
  8469 | D:6      | Found a staircase to the Ecumenical Temple.
  8478 | D:6      | Reached skill level 2 in Fighting
  8485 | D:6      | Reached skill level 3 in Fighting
  8828 | Temple   | Entered the Ecumenical Temple
  8992 | Temple   | Became a worshipper of Makhleb the Destroyer
  9121 | D:6      | Reached skill level 4 in Fighting
  9358 | D:6      | Found a transporter.
  9552 | D:6      | Reached skill level 5 in Fighting
  9744 | D:6      | Found Hask's General Store.
  9923 | D:6      | Reached skill level 6 in Fighting
  9972 | D:6      | Noticed LaMa's ghost (novice MfGl)
  9992 | D:6      | Found a transporter.
 10018 | D:6      | Noticed a queen bee
 10202 | D:7      | Reached XP level 10. HP: 65/73 MP: 0/0
 10339 | D:7      | Reached skill level 7 in Fighting
 10534 | D:7      | Reached * piety under Makhleb
 10535 | D:7      | Reached skill level 8 in Fighting
 10590 | D:7      | Noticed Maggie
 10592 | D:7      | Noticed Duvessa
 10603 | D:7      | Killed Maggie
 10669 | D:7      | Killed Duvessa
 10670 | D:7      | Noticed Dowan
 10671 | D:7      | Killed Dowan
 10958 | D:7      | Reached skill level 9 in Fighting
 11627 | D:8      | Noticed Prince Ribbit
 11631 | D:8      | Killed Prince Ribbit
 11632 | D:8      | Reached skill level 1 in Armour
 12498 | D:9      | Found a transporter.
 12517 | D:9      | Found a transporter.
 12951 | D:9      | Reached ** piety under Makhleb
 12959 | D:9      | Reached skill level 10 in Fighting
 12962 | D:9      | Reached XP level 11. HP: 57/85 MP: 0/0
 12962 | D:9      | Learned a level 5 spell: Irradiate
 13114 | D:9      | Found a flagged portal.
 13123 | Bailey   | Entered a bailey
 13230 | Bailey   | Found the +8 longbow "Zephyr" {speed, Dex+3 SInv}
 14009 | D:9      | Found a glowing silver altar of Zin.
 14025 | D:9      | Found a transporter.
 14063 | D:9      | Found a transporter.
 14236 | D:10     | Entered Level 10 of the Dungeon
 14236 | D:10     | Noticed a two-headed ogre
 14238 | D:10     | Reached skill level 11 in Fighting
 14240 | D:10     | Killed a two-headed ogre
 14409 | D:10     | Reached *** piety under Makhleb
 14465 | D:10     | Found a staircase to the Lair.
 14757 | D:10     | Reached skill level 12 in Fighting
 15032 | D:10     | Found a staircase to the Orcish Mines.
 15049 | D:10     | Found a snail-covered altar of Cheibriados.
 15494 | D:10     | Reached **** piety under Makhleb
 15748 | D:10     | Found a broken altar of Ashenzari.
 15926 | D:10     | Reached skill level 13 in Fighting
 16173 | D:10     | Noticed a soul eater
 16180 | D:10     | Killed a soul eater
 16521 | D:11     | Noticed Urug
 16525 | D:11     | Noticed a white ugly thing
 17382 | D:10     | Slain by a white ugly thing

Illustrated notes

Levels and vault maps discovered:
D:1:      kb_arrival_jail, layout_basic, shapermc_ecumenical_altar_rom_forum,
          wad_floor_pattern_untrapped, corexii_corridor_pit, minmay_tetromino_s4
D:2:      layout_rooms, serial_shops, nicolae_shop_advertising_works
          [nicolae_subvault_shop_adworks]
D:3:      layout_loops_ring, nicolae_qazlal_style_of_elements, uniq_robin
D:4:      layout_rooms, enter_ossuary_3, minmay_ruined_shrine, uniq_sigmund
D:5:      layout_rooms, mainiacjoe_overflow_tiny_flanked, uniq_blork_the_orc,
          uniq_menkaure, uniq_pikel
D:6:      layout_layer_cave, minmay_temple_entry_offerings, serial_shops,
          kennysheep_mini, gammafunk_ghost_hive, minmay_crystal_room,
          minmay_misc_feat_nine_boxes
D:7:      layout_cave_pods, uniq_duvessa, uniq_maggie
D:8:      layout_loops_ring, uniq_prince_ribbit1
D:9:      layout_rooms, zin_statuary, enter_bailey_5,
          nicolae_transporter_intersection
D:10:     layout_long_grid, lemuel_tele_altar, lemuel_crystal_altar,
          slow_altar_1, lair_entry_dummy, david_orc_5, serial_demonic,
          serial_demonic_e, serial_demonic_e, serial_demonic_b,
          serial_demonic_g, minmay_misc_feat_iff
D:11:     layout_loops_ring, led_xom_imps, uniq_urug
Temple:   nicolae_temple_elliptical

Skill      XL: |  1  2  3  4  5  6  7  8  9 10 11 |
---------------+----------------------------------+-----
Spellcasting   | 3 4 6 8 9 |  9.0
Fighting       | 6 10 13 | 13.2
Armour         | 4 |  4.0
Dodging        | |  2.1
Stealth        | |  1.5

Action                   |  1- 3 |  4- 6 |  7- 9 | 10-12 || total
-------------------------+-------+-------+-------+-------++-------
 Cast: Shock             |    76 |   193 |    60 |       ||   329
       Static Discharge  |     3 |    10 |     2 |       ||    15
       Airstrike         |       |       |    79 |   222 ||   301
       Stone Arrow       |       |       |    12 |    14 ||    26
  Use: Scroll            |       |     3 |     7 |     3 ||    13
       Potion            |       |       |       |     4 ||     4
Armor: Robe              |     5 |     1 |     2 |       ||     8
       Acid dragon scale |       |       |       |    13 ||    13
Dodge: Dodged            |    13 |    21 |     6 |    41 ||    81
